 Dungeon Crawl Stone Soup version 0.29-a0-887-gcbe080d7e0 (webtiles) character file.

Game seed: 13513855606237582993

16 nicolae the Changer (level 2, 0/21 HPs)
             Began as a Formicid Transmuter on July 22, 2022.
             Killed by nerve-wracking pain
             ... invoked by Jessica
              (10 damage)
             ... on level 2 of the Dungeon.
             The game lasted 00:02:55 (1673 turns).

nicolae the Changer (Formicid Transmuter)           Turns: 1673, Time: 00:02:56

Health: 0/21       AC:  2    Str: 14    XL:     2   Next: 75%
Magic:  4/5        EV: 12    Int: 12    God:
Gold:   101        SH:  0    Dex: 14    Spells: 2/5 levels left

rFire   . . .      SeeInvis +     - Unarmed
rCold   . . .      Faith    .   (no shield)
rNeg    . . .      Spirit   .   a - +0 robe
rPois   .          Reflect  .   (helmet unavailable)
rElec   .          Harm     .   (no cloak)
rCorr   .          Rampage  .   (no gloves)
Will    .....                   (boots currently unavailable)
Stlth   +.........              (no amulet)
HPRegen 0.07/turn               (no ring)
MPRegen 0.09/turn               (no ring)

@: lethally poisoned (0 -> -2), appendages
A: talons 2, permanent stasis, dig shafts and tunnels, antennae 3, four strong
arms
a: Dig, Shaft Self, End Transformation


You were on level 2 of the Dungeon.
You had temporarily grown beastly talons.
You visited 1 branch of the dungeon, and saw 2 of its levels.

You collected 101 gold pieces.

Inventory:

Armour
 a - a +0 robe (worn)
Scrolls
 e - 3 scrolls of identify {unknown}
 f - a scroll of blinking {unknown}
Potions
 b - 2 potions of lignification
 c - 2 potions of curing {unknown}
 d - a potion of flight {unknown}
 g - a potion of might {unknown}


   Skills:
 - Level 1.1 Fighting
 - Level 1.7 Dodging
 - Level 3.0 Unarmed Combat
 - Level 2.1 Spellcasting
 + Level 3.4 Transmutations


You had 2 spell levels left.
You knew the following spells:

 Your Spells              Type           Power      Damage    Failure   Level
a - Beastly Appendage     Tmut           18%        N/A       6%          1
b - Wereblood             Tmut           9%         N/A       10%         2

Your spell library contained the following spells:

 Spells                   Type           Power      Damage    Failure   Level
 Passwall                 Tmut/Erth      4%         N/A       21%         2
 Ensorcelled Hibernation  Hex/Ice        2%         N/A       38%         2
 Spider Form              Tmut/Pois      5%         N/A       36%         3
 Ice Form                 Ice/Tmut       5%         N/A       78%         4
 Swiftness                Air            Unusable   N/A       N/A         3

Dungeon Overview and Level Annotations

Branches:
Dungeon (2/15)

Altars:
Okawaru

Annotations:
D:2 Jessica


Innate Abilities, Weirdness & Mutations

You have temporarily grown beastly talons.
You cannot be hasted, slowed, berserked, paralysed or teleported.
You can dig through walls and to a lower floor.
You have a pair of large antennae on your head. (SInv)
Your four strong arms can wield two-handed weapons with a shield.


Message History

The bat hits you but does no damage.
You closely miss the bat. The bat hits you but does no damage.
The bat closely misses you. The bat barely misses you.
The bat hits you but does no damage.
You hit the bat.
You kill the bat!
Your transformation is almost over.
You start resting.
Your talons disappear.
HP restored.
g - a yellow potion
Found an iron altar of Okawaru.
Jessica the Apprentice Sorceress comes into view.
She is wielding a +2 dagger of venom.
Jessica shouts!
Jessica casts a spell.
Jessica blinks!
Jessica casts a spell.
Jessica seems to speed up.
Casting: Beastly Appendage (safe; 6% risk of failure)
Press: ? - help, Q - select action, (/) - cycle Dir - look around, f - activate Your feet morph into talons.
Jessica hits you with a +2 dagger of venom.
You closely miss Jessica.
Jessica hits you with a +2 dagger of venom.
You are poisoned.
Jessica casts a spell.
Jessica blinks!
You feel sick.
Jessica gestures wildly while chanting.
Jessica blinks!
You feel sick. Jessica barely misses you. x2
You hit Jessica but do no damage.
You feel sick.
Jessica shouts, "I don't like beings like you!"
Jessica mumbles some strange words.
Jessica blinks!
You feel sick. Jessica casts a spell at you. Pain shoots through your body!
You die...

......##.#
#.....########
.......#.# #.....#
#.#.##.#.## ##.....#
........... #......#
#.#.##.#.## #......#
#.#.##.# # #.....##
#+#<.#.#.### ##+##.....#
...........# #......_..#
...........# #..@......#
.........<.#
#......ยง..#
...........##........###
...........##.@....#..#
######.....##......##.#
#######....#.# .#
#....#.. .. #....##.....


You could see Jessica (fast).

Vanquished Creatures
  3 ball pythons
  3 endoplasms (D:1)
  A giant cockroach (D:1)
  A hobgoblin (D:2)
  2 kobolds (D:2)
  A quokka (D:2)
  2 bats
  A frilled lizard (D:2)
14 creatures vanquished.

Notes
Turn   | Place    | Note
-------+----------+-------------------------------------------
     0 | D:1      | nicolae the Formicid Transmuter began the quest for the
                  | Orb.
     0 | D:1      | Reached XP level 1. HP: 15/15 MP: 3/3
    26 | D:1      | Found a faded altar of an unknown god.
   836 | D:1      | Reached XP level 2. HP: 12/21 MP: 5/5
   854 | D:1      | Learned a level 2 spell: Wereblood
  1658 | D:2      | Found an iron altar of Okawaru.
  1664 | D:2      | Noticed Jessica
  1673 | D:2      | Killed from afar by Jessica

Illustrated notes

Levels and vault maps discovered:
D:1:      scummos_arrival_simple_crosswalls, layout_loops_ring,
          shapermc_ecumenical_altar_venn, minivault_14
D:2:      layout_basic, basic_altar, serial_shops,
          nicolae_shop_advertising_works [nicolae_subvault_shop_adworks],
          uniq_jessica

Skill      XL: |  1  2 |
---------------+-------+-----
Transmutations | 3 |  3.4
Fighting       | |  1.1
Dodging        | |  1.7
Unarmed Combat | |  3.0
Spellcasting   | |  2.1

Action                   || total
-------------------------++-------
Melee: Unarmed           ||    49
       Kick              ||     6
       Punch             ||     1
 Cast: Beastly Appendage ||    13
Armor: Robe              ||    16
Dodge: Dodged            ||    37

Table legend: (Time is in decaauts)
 A = Elapsed time spent in this place.
 B = Non-inter-level travel time spent in this place.
 C = Inter-level travel time spent in this place.
 D = Time resting spent in this place.
 E = Time spent auto-exploring this place.
 F = Levels seen in this place.
 G = Mean time per level.
                   A        B        C        D        E       F      G
               +--------+--------+--------+--------+--------+-----+--------+
         Total |   1670 |   1652 |     18 |    380 |   1053 |   2 |  835.0 |
       Dungeon |   1670 |   1652 |     18 |    380 |   1053 |   2 |  835.0 |
               +--------+--------+--------+--------+--------+-----+--------+

Top non-repeatable levels by time:
     D:1: 1261 daAuts
     D:2: 408 daAuts
